Map: New Gettysburg LE

Players

Fallen

  • Race: Zerg Zerg
  • League: Silver
  • Spawn Location: 5:00

Fropez - Winner!

  • Race: Protoss Protoss
  • League: Gold
  • Spawn Location: 7:00

VOD

Have the link to the VOD?

Description

Time

  • Played on: Nov. 10, 2016, 7:03 p.m.
  • Length: 12:56
Show
View Real Time Build Order
Export as new Build Order

Fallen Zerg 

Build Orders: Pool First 

Get SALT Encoding   

  12  0:01  Drone  
  13  0:08  Drone  
  14  0:18  Overlord  
  14  0:36  Drone x3  
  17  0:48  Drone  
  18  0:54  Spawning Pool  
  17  0:58  Drone  
  17  1:02  Extractor  
  17  1:09  Drone  
  18  1:19  Drone  
  19  1:30  Drone  
  20  1:41  Queen  
  20  1:42  Overlord  
  22  1:56  Extractor, Drone  
  22  2:04  Drone  
  23  2:09  Hatchery  
  23  2:15  Drone  
  23  2:26  Drone  
  24  2:38  Drone  
  25  2:45  Lair  
  25  2:55  Roach Warren  
  25  2:57  Drone x3  
  27  3:04  Drone x2  
  29  3:19  Overlord  
  29  3:22  Queen  
  29  3:25  Drone  
  29  3:26  Drone  
  33  3:37  Drone x2  
  35  3:44  Drone x2  
  38  3:55  Drone  
  38  3:56  Spire, Drone x2  
  38  3:57  Hydralisk Den  
  38  4:13  Drone x2  
  38  4:14  Drone x2  
  42  4:19  Drone  
  42  4:20  Extractor  
  42  4:21  Extractor  
  41  4:28  Drone x2  
  41  4:31  Overlord  
  43  4:35  Drone  
  44  4:43  Muscular Augments  
  44  4:44  Glial Reconstitution  
  44  4:57  Drone x3  
  44  4:58  Drone  
  48  5:11  Overlord x2  
  48  5:23  Roach x2  
  48  5:25  Overlord x2  
  52  5:34  Roach x2  
  52  5:35  Roach x2  
  60  5:44  Overlord  
  60  5:46  Roach  
  60  5:47  Roach  
  64  6:04  Mutalisk  
  64  6:05  Mutalisk x3  
  72  6:55  Roach x6  
  82  7:08  Drone x4  
  82  7:09  Drone  
  83  7:22  Overlord x2  
  81  7:39  Spine Crawler  
  76  7:52  Mutalisk x9  
  94  8:02  Burrow  
  94  8:08  Drone x4  
  98  8:14  Drone, Hatchery  
  98  8:17  Overlord  
  98  8:20  Overseer  
  98  8:40  Mutalisk  
  98  8:41  Mutalisk x3  
  100  8:47  Overlord x2  
  106  8:59  Spine Crawler  
  105  9:11  Zergling x12  
  109  9:43  Roach x5  
  119  9:48  Roach  
  108  10:20  Roach x4  
  108  10:21  Roach x2  
  120  10:36  Drone x4  
  120  10:37  Drone x2  
  120  10:38  Queen  
  128  11:31  Overlord x2  
  52  12:05  Roach  
  52  12:06  Roach x5  
  56  12:20  Roach x3  
Show
View Real Time Build Order
Export as new Build Order

Fropez Protoss - Winner!

Build Orders: 1 Gate Expand 

Get SALT Encoding   

  12  0:01  Probe (Chrono Boost)  
  13  0:18  Probe (Chrono Boost)  
  13  0:20  Pylon  
  14  0:26  Assimilator  
  14  0:29  Probe (Chrono Boost)  
  15  0:40  Probe (Chrono Boost)  
  16  0:46  Gateway  
  16  0:50  Probe (Chrono Boost)  
  17  1:05  Probe (Chrono Boost)  
  17  1:07  Assimilator  
  18  1:16  Probe (Chrono Boost)  
  19  1:34  Nexus  
  19  1:45  Probe (Chrono Boost)  
  20  1:55  Pylon  
  20  1:56  Probe (Chrono Boost)  
  21  2:05  Cybernetics Core  
  21  2:20  Pylon  
  21  2:21  Probe (Chrono Boost)  
  22  2:36  Probe (Chrono Boost)  
  24  2:52  Probe (Chrono Boost), Mothership Core (Chrono Boost)  
  26  2:59  Warp Gate (Chrono Boost)  
  26  3:02  Adept  
  26  3:04  Gateway  
  28  3:18  Gateway x2  
  28  3:23  Gateway  
  28  3:24  Probe  
  30  3:27  Probe  
  30  3:37  Probe  
  30  3:38  Assimilator  
  30  3:40  Probe  
  32  3:48  Probe  
  32  3:50  Twilight Council  
  32  3:55  Pylon, Probe  
  34  3:58  Probe  
  35  4:06  Adept  
  35  4:07  Probe  
  35  4:09  Adept  
  40  4:10  Probe  
  41  4:19  Probe, Assimilator  
  41  4:21  Probe  
  43  4:32  Pylon, Probe  
  43  4:35  Adept, Probe  
  47  4:43  Charge  
  47  4:50  Probe  
  48  4:54  Probe  
  48  4:55  Forge  
  49  5:01  Probe  
  50  5:09  Probe  
  50  5:13  Probe  
  51  5:16  Robotics Facility  
  52  5:22  Stalker x2  
  52  5:23  Stalker  
  52  5:26  Probe  
  59  5:28  Probe  
  59  5:34  Pylon  
  60  5:37  Probe  
  60  5:40  Probe  
  62  5:47  Probe, Protoss Ground Weapons Level 1 (Chrono Boost)  
  63  5:51  Adept x3  
  69  5:59  Pylon  
  69  6:04  Pylon  
  69  6:06  Immortal (Chrono Boost)  
  73  6:16  Probe  
  73  6:17  Probe  
  75  6:21  Zealot x3  
  81  6:27  Resonating Glaives  
  81  6:31  Probe  
  82  6:33  Gateway, Zealot  
  84  6:52  Zealot x3  
  90  6:54  Probe x2  
  84  7:14  Pylon  
  84  7:16  Pylon, Stalker x4  
  92  7:31  Probe, Photon Cannon  
  92  7:33  Probe  
  92  7:35  Photon Cannon  
  92  7:36  Protoss Ground Weapons Level 2  
  94  7:41  Photon Cannon  
  94  7:43  Stalker x4  
  98  7:54  Immortal (Chrono Boost)  
  102  8:06  Probe x2  
  104  8:18  Probe  
  104  8:19  Nexus, Probe  
  106  8:21  Pylon  
  106  8:27  Warp Prism (Chrono Boost)  
  106  8:30  Probe  
  109  8:44  Pylon x2  
  109  8:46  Probe x2  
  109  8:47  Pylon  
  111  8:53  Pylon  
  111  8:55  Gateway  
  111  8:58  Probe, Photon Cannon  
  112  9:04  Pylon  
  112  9:22  Probe x2  
  114  9:24  Templar Archives  
  114  9:28  Robotics Bay  
  114  9:34  Probe  
  109  9:40  Assimilator  
  109  9:45  Assimilator, Stalker x4  
  113  9:46  Stalker  
  113  9:49  Probe, Gateway  
  113  9:50  Probe x2  
  122  9:59  Pylon  
  116  10:03  Photon Cannon  
  102  10:11  Stalker x5  
  102  10:12  Stalker  
  114  10:20  Probe x2  
  116  10:37  Photon Cannon  
  116  10:39  Gateway  
  116  10:41  Photon Cannon  
  116  10:42  Gateway  
  116  10:43  Probe  
  116  10:44  Pylon  
  116  10:45  Pylon  
  116  10:46  Pylon  
  116  10:49  High Templar x4  
  125  10:50  High Templar x2  
  125  10:53  Archon x2  
  125  10:54  Archon  
  121  11:25  Zealot x5  
  128  11:26  Zealot x2  
  124  11:55  High Templar x6  
  124  11:56  High Templar  
  124  12:01  Archon x3  
  134  12:04  Probe x2  
  136  12:14  Gateway  
  136  12:15  Gateway  
  128  12:23  Nexus  
  128  12:27  Assimilator  
  128  12:29  High Templar x4, Assimilator  
  136  12:30  High Templar x4  
  136  12:32  Pylon  
  136  12:33  Pylon, Archon x2  
  136  12:34  Archon x2  
Tags
 
Add a new tag
Caveats
  • Supply blocks, unpowered buildings, or Contaminate may cause inaccurate times.
  • Supply counts are checked every 10 seconds.